 Dungeon Crawl Stone Soup version 0.31-a0-1611-g890cdf5628 (webtiles) character file.

Game seed: 13999935971641507444

513 Laraso the Shooter (level 7, 48/52 HPs)
             Began as a Black Draconian Hexslinger on Jan 9, 2024.
             Quit the game on level 4 of the Dungeon.
             The game lasted 00:06:01 (3480 turns).

Laraso the Shooter (Black Draconian Hexslinger)     Turns: 3480, Time: 00:06:02

Health: 48/52      AC:  8    Str: 13    XL:     7   Next: 0%
Magic:  7/8        EV: 12    Int: 14    God:
Gold:   156        SH:  0    Dex: 21    Spells: 6/8 levels left

rFire   + . .        a - +0 shortbow
rCold   . . .        (shield currently unavailable)
rNeg    . . .        (body armour unavailable)
rPois   .            (helmet restricted)
rElec   +            e - +1 cloak {Will+}
rCorr   +            (no gloves)
SInv    .            (no boots)
Will    +....        (no amulet)
Stlth   ++           d - ring "Leihisef" {rF+ rCorr Str+3 Dex+6}
HPRegen 0.28/turn    (no ring)
MPRegen 0.11/turn

%: no passive effects
@: no status effects
A: breathe lightning, AC +6, unfitting armour, electricity resistance,
cold-blooded
a: Breathe Lightning


You were on level 4 of the Dungeon.
You visited 1 branch of the dungeon, and saw 4 of its levels.

You collected 156 gold pieces.

Inventory:

Hand Weapons
 a - a +0 shortbow (weapon)
Armour
 e - a +1 cloak of willpower (worn)
Jewellery
 d - the ring "Leihisef" (left hand) {rF+ rCorr Str+3 Dex+6}
   (You found it on level 4 of the Dungeon)

   [ring of dexterity]

   Str+3:     It affects your strength (+3).
   Dex+6:     It affects your dexterity (+6).
   rF+:       It protects you from fire.
   rCorr:     It protects you from acid and corrosion.
Wands
 j - a wand of flame (13)
Scrolls
 b - a scroll of poison
 g - 4 scrolls of revelation
 l - a scroll of vulnerability
Potions
 c - a potion of might {unknown}
 f - a potion of brilliance {unknown}
 h - 3 potions of haste {unknown}
 i - 4 potions of curing {unknown}
 k - a potion of berserk rage {unknown}
 m - a potion of heal wounds {unknown}
 n - a potion of magic {unknown}


   Skills:
 - Level 1.1 Fighting
 * Level 6.3 Ranged Weapons
 - Level 1.7 Dodging
 - Level 1.0 Spellcasting
 - Level 4.0 Hexes
 - Level 1.0 Fire Magic


You had 6 spell levels left.
You knew the following spells:

 Your Spells              Type           Power      Damage    Failure   Level
a - Jinxbite              Hex            22%        N/A       8%          2

Your spell library contained the following spells:

 Spells                   Type           Power      Damage    Failure   Level
 Sigil of Binding         Hex            11%        N/A       16%         3
 Inner Flame              Hex/Fire       7%         N/A       28%         3
 Cause Fear               Hex            5%         N/A       45%         4
 Dimensional Bullseye     Hex/Tloc       3%         N/A       75%         4


Dungeon Overview and Level Annotations

Branches:
Dungeon (4/15)             Temple (0/1) D:4

Altars:

Annotations:
D:2 Sigmund
D:3 3 runed translucent doors, wildpjah's ghost, amateur AtFi


Innate Abilities, Weirdness & Mutations

You can breathe wild blasts of lightning.
Your glossy black scales are hard. (AC +6)
You cannot fit into any form of body armour.
You are resistant to electric shocks. (rElec)
You are cold-blooded and may be slowed by cold attacks.


Message History

Items here: )) [ †.
You feel your willpower return.
Found a stone staircase leading down.
An iguana comes into view.
The iguana hisses angrily.
There is an open door here.
An iguana is nearby!
You shoot an arrow.
The arrow hits the iguana but does no damage.
Casting: Jinxbite (safe; 8% risk of failure)
Confirm with . or Enter, or press ? or * to list all spells.
Okay, then.
Casting: Jinxbite (safe; 8% risk of failure)
Confirm with . or Enter, or press ? or * to list all spells.
You beckon some vexing sprites to accompany your attacks.
You feel your willpower being sapped.
You shoot an arrow. The arrow hits the iguana.
The iguana is lightly wounded.
You shoot an arrow.
The arrow hits the iguana but does no damage.
The iguana is lightly wounded.
The iguana bites you!
You shoot an arrow. The arrow hits the iguana!
The iguana is heavily wounded.
A giggling sprite leaps out and smacks the iguana with its own front talon.
The iguana is severely wounded.
The iguana bites you but does no damage.
You shoot an arrow. The arrow hits the iguana!
You kill the iguana!
You have reached level 7!
Your scales start taking on a glossy black colour.
You learn Air Magic much quicker.
You learn Earth Magic much slower.
You can breathe wild blasts of lightning.
You feel insulated.
You start resting.
The sprites lose interest in your situation.
Unknown command.
You start resting.
You feel your willpower return.
Are you sure you want to abandon this character and quit the game? (Confirm with "yes".)

..##.#...............#.##
.. #.#.#.#.#.##..##<.# #
.. #.#.#.###.##).....#>#
#.................#
...................
......#.##.........
##..#.#.##..##.....
...............####.
##..#.#.###@#....... #..
.#####.#.......
#.......'.......
######.##....... #.
....... #. ....... ..
....... .. ....... ...
.......


There were no monsters in sight!

Vanquished Creatures
  A scorpion (D:3)
  2 bombardier beetles
  3 orc priests (D:4)
  A jelly (D:3)
  Natasha (D:4)
  Terence (D:2)
  An iguana (D:4)
  2 orc wizards
  3 gnolls (D:4)
  4 adders
  3 dart slugs
  3 ribbon worms (D:3)
  11 orcs
  5 endoplasms
  4 giant cockroaches
  2 goblins (D:1)
  6 hobgoblins
  6 kobolds
  5 ball pythons
  2 bats
  6 frilled lizards
  5 rats
77 creatures vanquished.

Notes
Turn   | Place    | Note
-------+----------+-------------------------------------------
     0 | D:1      | Laraso the Draconian Hexslinger began the quest for the
                  | Orb.
     0 | D:1      | Reached XP level 1. HP: 16/16 MP: 2/2
    59 | D:1      | Reached skill level 2 in Ranged Weapons
   131 | D:1      | Reached XP level 2. HP: 21/23 MP: 3/3
   265 | D:1      | Found a faded altar of an unknown god.
   353 | D:1      | Reached skill level 3 in Ranged Weapons
   624 | D:1      | Reached XP level 3. HP: 27/28 MP: 4/4
   758 | D:2      | Noticed Terence
  1156 | D:2      | Noticed Sigmund
  1471 | D:3      | Reached skill level 4 in Ranged Weapons
  1471 | D:3      | Reached XP level 4. HP: 26/35 MP: 5/5
  1531 | D:3      | Noticed wildpjah's ghost (amateur AtFi)
  1532 | D:3      | Found a runed translucent gate.
  1532 | D:3      | Found a runed translucent gate.
  1532 | D:3      | Found a runed translucent gate.
  1640 | D:3      | Learned a level 2 spell: Jinxbite
  1849 | D:3      | Noticed a scorpion
  1945 | D:2      | Killed Terence
  1946 | D:2      | Reached XP level 5. HP: 30/40 MP: 2/6
  2828 | D:3      | Reached skill level 5 in Ranged Weapons
  2828 | D:3      | Reached XP level 6. HP: 47/47 MP: 4/7
  2918 | D:4      | Identified the ring "Leihisef" {rF+ rCorr Str+3 Dex+6}
  3196 | D:4      | Noticed Natasha
  3204 | D:4      | Killed Natasha
  3372 | D:4      | Found a staircase to the Ecumenical Temple.
  3406 | D:4      | Reached skill level 6 in Ranged Weapons
  3461 | D:4      | Your scales start taking on a glossy black colour.
  3461 | D:4      | Reached XP level 7. HP: 43/52 MP: 5/8
  3461 | D:4      | Gained mutation: You are resistant to electric shocks.
                  | (rElec) [Black Draconian growth]
  3480 | D:4      | Quit the game

Illustrated notes

Levels and vault maps discovered:
D:1:      dpeg_arrival_stone_temple_mockup, layout_loops_ring,
          chequers_ecumenical_altar_simple
D:2:      layout_rooms, uniq_terence, uniq_sigmund
D:3:      layout_basic, gammafunk_ghost_split, minmay_misc_feat_enclosed,
          minmay_misc_feat_iff
D:4:      layout_basic, temple_hall, lightli_corner_chamber, uniq_duvessa,
          uniq_natasha

Skill      XL: |  1  2  3  4  5  6 |
---------------+-------------------+-----
Ranged Weapons | 2 3 4 5 6 |  6.3
Hexes          | 3 4 |  4.0
Fighting       | |  1.1
Dodging        | |  1.7
Spellcasting   | |  1.0
Fire Magic     | |  1.0

Action                     |  1- 3 |  4- 6 |  7- 9 || total
---------------------------+-------+-------+-------++-------
   Fire: Sling             |   127 |    95 |       ||   222
         Shortbow          |       |    65 |       ||    65
   Cast: Jinxbite          |       |    27 |       ||    27
    Use: Scroll            |     5 |     2 |       ||     7
 Armour: Skin              |    36 |    24 |       ||    60
  Dodge: Dodged            |    28 |    29 |       ||    57

Table legend: (Time is in decaauts)
 A = Elapsed time spent in this place.
 B = Non-inter-level travel time spent in this place.
 C = Inter-level travel time spent in this place.
 D = Time resting spent in this place.
 E = Time spent auto-exploring this place.
 F = Levels seen in this place.
 G = Mean time per level.
                   A        B        C        D        E       F      G
               +--------+--------+--------+--------+--------+-----+--------+
         Total |   3548 |   3229 |    319 |    223 |   2277 |   4 |  887.0 |
       Dungeon |   3548 |   3229 |    319 |    223 |   2277 |   4 |  887.0 |
               +--------+--------+--------+--------+--------+-----+--------+

Top non-repeatable levels by time:
     D:3: 1445 daAuts
     D:1: 957 daAuts
     D:2: 617 daAuts
     D:4: 528 daAuts
